 Dungeon Crawl Stone Soup version 0.31-a0-222-gefeffbb62a (webtiles) character file.

Game seed: 18263279209470561813

114 qw the Shooter (level 4, -1/26 HPs)
             Began as a Gargoyle Hexslinger on July 4, 2023.
             Slain by a kobold brigand
             ... wielding a +0 dagger
              (6 damage)
             ... in a sewer.
             The game lasted 00:01:04 (2467 turns).

qw the Shooter (Gargoyle Hexslinger)                Turns: 2467, Time: 00:01:04

Health: -1/26      AC:  9    Str: 11    XL:     4   Next: 97%
Magic:  5/5        EV: 10    Int: 14    God:
Gold:   188        SH:  0    Dex: 14    Spells: 4/5 levels left

rFire   . . .        Y - +1 sling
rCold   . . .        (no shield)
rNeg    + . .        d - +0 ring mail
rPois   inf          (no helmet)
rElec   +            (no cloak)
rCorr   .            (no gloves)
SInv    .            c - +0 pair of boots
Will    .....        (no amulet)
Stlth   +            (no ring)
HPRegen 0.24/turn    (no ring)
MPRegen 0.09/turn

%: no passive effects
@: no status effects
A: sickness immunity, AC +3, negative energy resistance 1, electricity
resistance, torment resistance 1, petrification resistance
a: no special abilities


You were in a sewer.
You visited 1 branch of the dungeon, and saw 4 of its levels.
You also visited: Sewer.

You collected 188 gold pieces.


Innate Abilities, Weirdness & Mutations

You are immune to sickness and miasma.
Your stone body is resilient. (AC +3)
You are immune to poison.
You resist negative energy. (rN+)
You are resistant to electric shocks. (rElec)
You are resistant to unholy torment.
You are immune to petrification.


   Skills:
 - Level 2.0 Fighting
 + Level 4.5 Ranged Weapons
 - Level 1.0 Armour
 - Level 1.5 Dodging
 - Level 1.0 Spellcasting
 - Level 2.6 Hexes


You had 4 spell levels left.
You knew the following spells:

 Your Spells              Type           Power      Damage    Failure   Level
a - Slow                  Hex            32%        N/A       21%         1

Your spell library contained the following spells:

 Spells                   Type           Power      Damage    Failure   Level
 Inner Flame              Hex/Fire       4%         N/A       71%         3
 Portal Projectile        Hex/Tloc       8%         N/A       71%         3
 Cause Fear               Hex            4%         N/A       90%         4

Inventory:

Hand Weapons
 Y - a +1 sling (weapon)
Armour
 c - a +0 pair of boots (worn)
 d - a +0 ring mail (worn)
Scrolls
 f - a scroll of identify
Potions
 e - a potion of heal wounds
 h - 4 potions of curing
 i - a potion of mutation {unknown}

Dungeon Overview and Level Annotations

Branches:
Dungeon (4/15)              Sewer (1/1)
 Temple: D:4-7

Altars:
Yredelemnul


Message History

The kobold brigand throws a poisoned dart.
The poisoned dart barely misses you.
The kobold throws a stone.
The stone barely misses you.
You shoot a sling bullet.
The sling bullet hits the kobold brigand but does no damage.
You shoot a sling bullet.
The sling bullet hits the kobold brigand.
The kobold brigand is lightly wounded.
The kobold brigand hits you but does no damage.
The kobold hits you with a +0 whip.
You shoot a sling bullet.
The sling bullet closely misses the kobold brigand.
The kobold brigand hits you with a +0 short sword.
The kobold hits you with a +0 whip.
You shoot a sling bullet.
The sling bullet hits the kobold brigand but does no damage.
The kobold brigand is lightly wounded.
You shoot a sling bullet.
The sling bullet hits the kobold brigand.
The kobold brigand is moderately wounded.
The kobold brigand barely misses you. The kobold hits you but does no damage.
The kobold brigand hits you but does no damage.
You shoot a sling bullet.
The sling bullet closely misses the kobold brigand.
The kobold brigand hits you with a +0 dagger.
The kobold hits you but does no damage.
The kobold brigand hits you but does no damage.
You shoot a sling bullet.
The sling bullet closely misses the kobold brigand.
The kobold brigand hits you with a +0 dagger.
The kobold hits you but does no damage.
The kobold brigand hits you with a +0 short sword.
The kobold splashes around in the water.
The kobold brigand hits you with a +0 dagger.
You shoot a sling bullet.
The sling bullet hits the kobold brigand.
The kobold brigand is moderately wounded.
The kobold brigand hits you with a +0 short sword.
The kobold brigand hits you with a +0 dagger.
You die...

..# ... .. ####.####
#..~....# #.K~~~~.#
#KK~~~)~# #@K~~~~.#
#~~~~~~.# #.~~~~~.#
#~~~~~..#
################..~~~~~#
~~~~~~~~~~~~~~~~~~~~~.~#
################.~~~~~.#
##~~~~.## #.~~~.#


You could see 2 kobold brigands and 2 kobolds.

Vanquished Creatures
  An adder (D:2)
  3 river rats
  An ufetubus (D:4)
  5 dart slugs
  3 orcs (D:3)
  An endoplasm (D:2)
  A giant cockroach (D:1)
  6 goblins
  6 hobgoblins
  A jackal (Sewer)
  4 kobolds
  3 quokkas
  6 ball pythons
  4 bats
  3 frilled lizards
  17 rats
65 creatures vanquished.

Notes
Turn   | Place    | Note
-------+----------+-------------------------------------------
     0 | D:1      | qw the Gargoyle Hexslinger began the quest for the Orb.
     0 | D:1      | Reached XP level 1. HP: 12/12 MP: 2/2
     0 | D:1      | 0 ||| qw: Version: 0.3-a-46-gb1f654a
     0 | D:1      | 0 ||| qw: Game counter: 969
     0 | D:1      | 0 ||| qw: Melee chars always use a shield: true
     0 | D:1      | 0 ||| qw: God list: Okawaru
     0 | D:1      | 0 ||| qw: Allow faded altars: false
     0 | D:1      | 0 ||| qw: Do Orc after clearing Dungeon:15 true
     0 | D:1      | 0 ||| qw: Do second Lair branch before Depths: true
     0 | D:1      | 0 ||| qw: Lair rune preference: random
     0 | D:1      | 0 ||| qw: Goals: Normal
     0 | D:1      | 0 ||| PLANNING D:1-11
   126 | D:1      | Reached XP level 2. HP: 11/16 MP: 3/3
   247 | D:1      | Reached skill level 3 in Ranged Weapons
   307 | D:1      | 307 ||| Stepping ~*~*~tactically~*~*~ (outnumbered).
   355 | D:1      | Reached XP level 3. HP: 21/21 MP: 4/4
   636 | D:1      | 636 ||| UPGRADING to +0 leather armour.
   646 | D:1      | 646 ||| DROPPING +0 robe.
   647 | D:1      | 647 ||| READING scroll labelled HUT NEUPIFRI.
   648 | D:1      | 648 ||| READING 3 scrolls labelled ANNO ILEEFF.
   649 | D:1      | 649 ||| DRINKING 2 bubbling purple potions.
   650 | D:1      | 650 ||| READING 2 scrolls of identify.
   650 | D:1      | 650 ||| IDENTIFYING amethyst potion
   651 | D:1      | 651 ||| DROPPING scroll of poison.
   652 | D:1      | 652 ||| DROPPING potion of lignification.
   907 | D:2      | Found a faded altar of an unknown god.
  1407 | D:2      | 1407 ||| UPGRADING to +0 pair of boots.
  1412 | D:2      | 1412 ||| UPGRADING to +0 ring mail.
  1422 | D:2      | 1422 ||| DROPPING +0 leather armour.
  1423 | D:2      | 1423 ||| DROPPING ring of magical power.
  1424 | D:2      | 1424 ||| READING scroll labelled BALONACAOT.
  1425 | D:2      | 1425 ||| READING scroll labelled EMNIHERYING.
  1426 | D:2      | 1426 ||| DRINKING 3 lumpy sapphire potions.
  1566 | D:3      | Reached XP level 4. HP: 26/26 MP: 5/5
  1630 | D:3      | Reached skill level 1 in Armour
  1720 | D:3      | Found a basalt altar of Yredelemnul.
  2111 | D:3      | 2111 ||| READING scroll labelled YCZOC XU WUKU.
  2116 | D:3      | 2116 ||| READING scroll labelled QUMUKO ESTUL.
  2117 | D:3      | 2117 ||| READING 2 scrolls of identify.
  2117 | D:3      | 2117 ||| IDENTIFYING white potion
  2118 | D:3      | 2118 ||| DROPPING potion of berserk rage.
  2144 | D:4      | 2144 ||| PLANNING SEWER
  2205 | D:4      | Reached skill level 4 in Ranged Weapons
  2297 | D:4      | Found a glowing drain.
  2298 | D:4      | 2298 ||| Stepping ~*~*~tactically~*~*~ (water).
  2303 | D:4      | 2303 ||| READING scroll labelled HANIOP TESMITI.
  2309 | Sewer    | Entered a sewer
  2324 | Sewer    | HP: 5/26 [river rat (8)]
  2325 | Sewer    | 2325 ||| DRINKING 2 potions of heal wounds.
  2451 | Sewer    | Noticed a kobold brigand
  2452 | Sewer    | 2452 ||| Stepping ~*~*~tactically~*~*~ (water).
  2457 | Sewer    | Noticed a kobold brigand
  2467 | Sewer    | HP: 5/26 [kobold brigand/+0 short sword (6)]
  2467 | Sewer    | Slain by a kobold brigand

Levels and vault maps discovered:
D:1:      tarquinn_simple_flora_water_e, layout_loops_ring
D:2:      layout_basic, dreamdust_ecumenical_altar_angels_and_demons
D:3:      layout_basic, general_overflow_altar, minmay_misc_feat_tiny
D:4:      layout_cave_pools, vehumet_crystals,
          nicolae_overflow_quartered_altars, minmay_temple_entry_poolview,
          portal_sewer_entry_e, hangedman_abyss_or_decor_passed
Sewer:    sewer_kobolds

Skill      XL: |  1  2  3  4 |
---------------+-------------+-----
Ranged Weapons | 3 4 |  4.5
Fighting       | 2 |  2.0
Armour         | 1 |  1.0
Dodging        | |  1.5
Spellcasting   | |  1.0
Hexes          | |  2.6

Action                     |  1- 3 |  4- 6 || total
---------------------------+-------+-------++-------
   Fire: Sling             |   117 |   102 ||   219
    Use: Scroll            |     5 |     4 ||     9
         Potion            |     2 |     1 ||     3
 Armour: Robe              |     6 |       ||     6
         Leather armour    |     5 |       ||     5
         Ring mail         |     2 |    60 ||    62
  Dodge: Dodged            |    27 |    64 ||    91

Table legend:
 A = Non-vault XP
 B = Vault XP
 C = Vault XP percentage of total XP
 D = Non-vault monster count
 E = Vault monster count
 F = Vault count percentage of total count
                 A         B        C        D         E       F
            +---------+---------+-------+---------+---------+-------
      Total |     108 |      55 |  33.7 |      49 |      16 |  24.6
            +---------+---------+-------+---------+---------+-------
        D:1 |      42 |       0 |   0.0 |      22 |       0 |   0.0
        D:2 |      37 |       0 |   0.0 |      16 |       0 |   0.0
        D:3 |      19 |       0 |   0.0 |       9 |       0 |   0.0
        D:4 |      10 |      20 |  66.7 |       2 |       8 |  80.0
      Sewer |       0 |      35 | 100.0 |       0 |       8 | 100.0
            +---------+---------+-------+---------+---------+-------
